 Dungeon Crawl Stone Soup version 0.21.1-1-g345015f (webtiles) character file.

119 Mirai the Magician (level 4, -5/24 HPs)
             Began as a Deep Elf Conjurer on Apr 4, 2018.
             Was a Follower of Vehumet.
             Killed by divine providence
             ... invoked by an orc priest
              (11 damage)
             ... on level 3 of the Dungeon.
             The game lasted 00:08:38 (2860 turns).

Mirai the Magician (Deep Elf Conjurer)              Turns: 2860, Time: 00:08:39

Health: -5/24      AC:  3    Str:  5    XL:     4   Next: 74%
Magic:  6/14       EV: 13    Int: 21    God:    Vehumet [*.....]
Gold:   150        SH:  0    Dex: 15    Spells: 10/16 levels left

rFire    . . .     SeeInvis .   l - +0 hand axe (curse)
rCold    . . .     Gourm    .   (no shield)
rNeg     . . .     Faith    .   a - +0 robe
rPois    .         Spirit   .   i - +0 helmet (curse)
rElec    .         Reflect  .   (no cloak)
rCorr    .         Harm     .   (no gloves)
MR       .....                  (no boots)
Stlth    ++........             (no amulet)
HPRegen  0.08/turn              (no ring)
MPRegen  0.14/turn              (no ring)

@: very slightly contaminated
A: no striking features
a: Renounce Religion


You were on level 3 of the Dungeon.
You worshipped Vehumet.
Vehumet was aware of your devotion.
You were not hungry.

You visited 1 branch of the dungeon, and saw 3 of its levels.

You collected 150 gold pieces.

Inventory:

Hand Weapons
 l - a cursed +0 hand axe (weapon)
Armour
 a - a +0 robe (worn)
 i - a cursed +0 helmet (worn)
Wands
 h - a wand of acid (7)
Scrolls
 d - 2 scrolls of remove curse {unknown}
 f - 3 scrolls of identify {unknown}
 m - a scroll of enchant armour {unknown}
 o - a scroll of fog {unknown}
 p - 3 scrolls of amnesia {unknown}
Potions
 e - a potion of curing {unknown}
 g - 2 potions of mutation {unknown}
 j - a potion of magic
 k - a potion of degeneration {unknown}
 q - a potion of agility {unknown}
Books
 b - a book of Conjurations

   Spells                             Type                      Level
   a - Magic Dart                     Conjuration                  1
   b - Searing Ray                    Conjuration                  2
   c - Dazzling Spray                 Conjuration/Hexes            3
   d - Fulminant Prism                Conjuration/Hexes            4
   e - Force Lance                    Conjuration/Translocation    4
   f - Iskenderun's Mystic Blast      Conjuration                  4
Comestibles
 c - 8 rations
 n - 6 chunks of flesh


   Skills:
 - Level 2.4 Dodging
 - Level 2.4 Stealth
 + Level 6.8 Spellcasting
 - Level 4.3 Conjurations


You had 10 spell levels left.
You knew the following spells:

 Your Spells              Type           Power        Failure   Level  Hunger
a - Magic Dart            Conj           ####         1%          1    None
b - Searing Ray           Conj           ####..       2%          2    None
c - Dazzling Spray        Conj/Hex       ###...       11%         3    #......


Dungeon Overview and Level Annotations

Branches:
Dungeon (3/15)

Altars:
Dithmenos
Makhleb
Vehumet


Message History

Beogh smites you!
Ouch! That really hurt!
An orc comes into view.
Unknown command.
Casting: Magic Dart
Confirm with . or Enter, or press ? or * to list all spells.
Aiming: Searing Ray
Press: ? - help, Shift-Dir - straight line, f - orc priest, p - orc
Aim: an orc priest, wielding a dagger (heavily wounded)
The searing ray hits the orc.
The orc is almost dead. (Press . to maintain the ray.)
The orc hits you with a hand axe.
* * * LOW HITPOINT WARNING * * *
The searing ray hits the orc.
You kill the orc!
Vehumet accepts your kill.
The orc priest calls down the wrath of Beogh upon you.
Beogh smites you!
You die...

......>.... .## ##...#####.
... ##.#############o#
#............##.#
############.##<# #.##o#
#.##.# ###.##)# #....@.#
##########......#
#..............##
#.########.....######## #.#
#.............# #.#
#.##.########.#.# #.#
#.##.## #.#.# #.#
#####.#...### #.#.#
#.###...#...#...#####.#.####


You could see an orc priest and an orc.

Vanquished Creatures
  Natasha (D:2)
  2 adders (D:2)
  A worm (D:2)
  3 dart slugs
  An orc (D:3)
  5 bats
  5 giant cockroaches
  5 hobgoblins
  14 jackals
  A quokka (D:3)
  4 frilled lizards
  8 goblins
  5 kobolds
  5 rats
60 creatures vanquished.

Notes
Turn   | Place    | Note
-------+----------+-------------------------------------------
     0 | D:1      | Mirai the Deep Elf Conjurer began the quest for the Orb.
     0 | D:1      | Reached XP level 1. HP: 10/10 MP: 6/6
   140 | D:1      | Reached skill level 4 in Spellcasting
   140 | D:1      | Reached XP level 2. HP: 1/15 MP: 5/9
   144 | D:1      | Learned a level 2 spell: Searing Ray
   837 | D:1      | Reached XP level 3. HP: 10/19 MP: 2/11
   841 | D:1      | Reached skill level 5 in Spellcasting
  1419 | D:2      | Learned a level 3 spell: Dazzling Spray
  1467 | D:2      | Found a shadowy altar of Dithmenos.
  1470 | D:2      | Found a burning altar of Makhleb.
  1473 | D:2      | Found a radiant altar of Vehumet.
  1477 | D:2      | Became a worshipper of Vehumet
  1744 | D:2      | Reached XP level 4. HP: 3/24 MP: 10/13
  2033 | D:2      | Reached skill level 6 in Spellcasting
  2090 | D:2      | Noticed Natasha
  2094 | D:2      | Killed Natasha
  2648 | D:3      | Reached * piety under Vehumet
  2648 | D:3      | Offered knowledge of Freeze by Vehumet.
  2860 | D:3      | Killed from afar by an orc priest

Skill      XL: |  1  2  3  4 |
---------------+-------------+-----
Spellcasting   | 4 5 6 |  6.8
Dodging        | |  2.4
Stealth        | |  2.4
Conjurations   | |  4.3

Action                   |  1- 3 |  4- 6 || total
-------------------------+-------+-------++-------
Melee: Unarmed           |     2 |       ||     2
       Short sword       |    11 |       ||    11
       Hand axe          |    10 |       ||    10
 Cast: Magic Dart        |    95 |    25 ||   120
       Searing Ray       |       |     4 ||     4
  Use: Potion            |     1 |       ||     1
  Eat: Chunk             |     2 |     4 ||     6
Armor: Robe              |     7 |     2 ||     9
Dodge: Dodged            |    35 |    12 ||    47
